[Event "ICC tourney 2533 (25 5)"]
[Site "Internet Chess Club"]
[Date "2021.04.25"]
[Round "8"]
[White "NICHOLSON, IAN:K09-15545322"]
[Black "PAN, KEVIN:K09-14740822"]
[Result "0-1"]
[ICCResult "White resigns"]
[WhiteElo "1866"]
[BlackElo "2260"]
[Opening "QGD: exchange, positional line"]
[ECO "D35"]
[NIC "QO.16"]
[Time "17:01:43"]
[PlyCount "112"]
[TimeControl "1500+5"]

1. d4 d5 2. c4 e6 3. Nc3 Nf6 4. cxd5 exd5 5. Bg5 Be7 6. e3 Nbd7 7. Bd3 c6
8. Qc2 Nh5 9. Bxe7 Qxe7 10. Nge2 g6 11. O-O Nb6 12. Rfe1 Ng7 13. Ng3 Be6
14. Rab1 h5 15. b4 h4 16. Nf1 h3 17. g3 O-O 18. Nd2 Nd7 19. Ne2 g5 20. f4
Bg4 21. Nc3 Qf6 22. Nf1 Rae8 23. Qf2 Nf5 24. Nd2 Qg7 25. Nb3 Nf6 26. fxg5
Qxg5 27. Bxf5 Bxf5 28. Rbc1 Kg7 29. Rf1 Bd3 30. Rfe1 Re7 31. Nd1 Rfe8 32.
Qd2 Bc4 33. Qf2 Ne4 34. Qf3 Qg6 35. Nf2 Ng5 36. Qf4 Qh5 37. Nd2 Re6 38.
Nxc4 Nf3+ 39. Kh1 Nxe1 40. Rxe1 dxc4 41. g4 Qd5+ 42. e4 Qxd4 43. Nxh3 Rxe4
44. Qg5+ Kf8 45. Rf1 Re1 46. Qh6+ Qg7 47. Qd6+ Kg8 48. Qf4 Rxf1+ 49. Qxf1
Qxg4 50. Nf4 c3 51. Nd3 c2 52. h3 Qe4+ 53. Kg1 Qe3+ 54. Kh1 Qxd3 55. Qxd3
c1=Q+ 56. Kh2 Qf4+ { White resigns } 0-1

[Event "ICC tourney 2533 (25 5)"]
[Site "Internet Chess Club"]
[Date "2021.04.25"]
[Round "8"]
[White "CHANDRAN, HARISH:K09-15751871"]
[Black "HE, STEPHEN:K09-14726703"]
[Result "0-1"]
[ICCResult "White checkmated"]
[WhiteElo "1561"]
[BlackElo "2066"]
[Opening "English opening"]
[ECO "A15"]
[NIC "EO.64"]
[Time "17:03:18"]
[PlyCount "92"]
[TimeControl "1500+5"]

1. c4 Nf6 2. Nf3 g6 3. g3 Bg7 4. Bg2 c6 5. d4 d5 6. c5 b6 7. cxb6 axb6 8.
Nc3 O-O 9. O-O Bb7 10. Be3 Nbd7 11. Qd2 c5 12. a3 Qc7 13. Bf4 Qd8 14. Ne5
cxd4 15. Nb5 g5 16. Nxd7 Qxd7 17. Nc7 gxf4 18. Nxa8 Rxa8 19. Qxd4 fxg3 20.
hxg3 b5 21. Rab1 Ne4 22. Qd3 Nc5 23. Qd2 Rd8 24. Rfd1 d4 25. Bxb7 Qxb7 26.
Qb4 Qb6 27. Rbc1 Rd5 28. Rc2 Rh5 29. a4 Qc6 30. f3 Qh6 31. f4 Rh1+ 32. Kf2
Ne4+ 33. Kf3 Rxd1 34. Kxe4 Qg6+ 35. f5 Qg4+ 36. Kd5 Qxf5+ 37. Kc6 Qxc2+ 38.
Kd7 Qf5+ 39. Kc6 Rc1+ 40. Kb6 Qe6+ 41. Ka5 Rc8 42. Qd2 Qd6 43. Kxb5 Qc5+
44. Ka6 Ra8+ 45. Kb7 Ra7+ 46. Kb8 Qc7# { White checkmated } 0-1

[Event "ICC tourney 2533 (25 5)"]
[Site "Internet Chess Club"]
[Date "2021.04.25"]
[Round "8"]
[White "SLOAN, JED:K09-15515631"]
[Black "ALSANDAIR MCQUILLIN, DANIL:K09-15050406"]
[Result "0-1"]
[ICCResult "White checkmated"]
[WhiteElo "1983"]
[BlackElo "1193"]
[Opening "Giuoco Pianissimo"]
[ECO "C55"]
[NIC "IG.01"]
[Time "17:00:32"]
[PlyCount "116"]
[TimeControl "1500+5"]

1. e4 e5 2. Nf3 Nc6 3. Bc4 Nf6 4. d3 Bc5 5. c3 d6 6. O-O O-O 7. Bb3 h6 8.
Bc2 Bg4 9. Nbd2 a6 10. h3 Bh5 11. Re1 Qd7 12. Nf1 Rae8 13. Ng3 Bg6 14. Nh4
d5 15. exd5 Nxd5 16. Nxg6 fxg6 17. Ne4 Ba7 18. Bb3 Kh7 19. Bxd5 Qxd5 20.
Be3 Bxe3 21. Rxe3 Ne7 22. Qb3 Qxb3 23. axb3 Nd5 24. Ree1 Nf4 25. Nc5 Rf6
26. d4 Rf5 27. Nxb7 Nd3 28. Re2 Nf4 29. Rxe5 Rexe5 30. dxe5 Rxe5 31. b4 Rg5
32. g3 Nxh3+ 33. Kg2 Nf4+ 34. Kf3 Nd3 35. Rxa6 Rf5+ 36. Ke3 Nxf2 37. Nc5
Nd1+ 38. Kd2 Nxb2 39. Rc6 Nc4+ 40. Ke2 Nd6 41. Na6 h5 42. Nxc7 Ne4 43. Ne6
Nxg3+ 44. Ke3 h4 45. Nf4 g5 46. Nh3 g4 47. Rc4 Rf3+ 48. Kd4 gxh3 49. Kd5
Rf5+ 50. Ke6 g5 51. Rc7+ Kg6 52. Rd7 h2 53. Rd1 Nf1 54. b5 h1=Q 55. b6 Qc6+
56. Rd6 Rf6+ 57. Ke5 Qxd6+ 58. Ke4 Rf4# { White checkmated } 0-1

[Event "ICC tourney 2533 (25 5)"]
[Site "Internet Chess Club"]
[Date "2021.04.25"]
[Round "8"]
[White "DAVID NAKADA, JOHJI:K09-15202138"]
[Black "R MEDINA, GAEL:K09-15685876"]
[Result "0-1"]
[ICCResult "White resigns"]
[WhiteElo "1869"]
[BlackElo "1429"]
[Opening "Sicilian defense"]
[ECO "B20"]
[NIC "SI.48"]
[Time "17:01:41"]
[PlyCount "92"]
[TimeControl "1500+5"]

1. e4 c5 2. a3 Nc6 3. b4 cxb4 4. axb4 Nxb4 5. c3 Nc6 6. d4 d5 7. exd5 Qxd5
8. Na3 e5 9. Nb5 Kd8 10. Bg5+ Be7 11. Bxe7+ Ngxe7 12. Nf3 Bd7 13. Be2 exd4
14. cxd4 Nb4 15. Nc3 Qc6 16. Rc1 f6 17. O-O Ned5 18. Ne4 Qe6 19. Nc5 Qc6
20. Re1 Re8 21. Bc4 Rxe1+ 22. Qxe1 a6 23. Nd2 b6 24. Nxa6 Nxa6 25. Bxa6 Qe6
26. Bc4 Qxe1+ 27. Rxe1 Bc6 28. Re6 Ra1+ 29. Nf1 Kd7 30. Re2 Nf4 31. Rb2
Bxg2 32. Rb3 Rc1 33. Bb5+ Kd6 34. Re3 Bc6 35. Bxc6 Kxc6 36. d5+ Nxd5 37.
Rf3 b5 38. Kg2 b4 39. Nd2 g6 40. Ne4 f5 41. Ng5 h6 42. Nf7 Rc3 43. Ne5+ Kb5
44. Nd3 b3 45. Kf1 b2 46. Nxb2 Rxf3 { White resigns } 0-1

[Event "ICC tourney 2533 (25 5)"]
[Site "Internet Chess Club"]
[Date "2021.04.25"]
[Round "8"]
[White "TOBY LYU, ETHAN:K09-16195991"]
[Black "MELISSANDRE ZAMOJSKI, CHLOL:K09-16776316"]
[Result "1-0"]
[ICCResult "Black checkmated"]
[WhiteElo "1838"]
[BlackElo "978"]
[Opening "Queen's pawn: Chigorin variation"]
[ECO "D00"]
[NIC "QP.08"]
[Time "17:02:40"]
[PlyCount "193"]
[TimeControl "1500+5"]

1. d4 d5 2. Nc3 Nf6 3. Bf4 c6 4. e3 Bf5 5. f3 Nbd7 6. g4 Bg6 7. h4 h6 8.
Bd3 Bxd3 9. Qxd3 e6 10. Nge2 Qb6 11. O-O-O c5 12. g5 Nh5 13. Ng3 Nxf4 14.
exf4 Bd6 15. Nge2 cxd4 16. Nb5 Bc5 17. Nbxd4 Rc8 18. Rhe1 Bb4 19. c3 hxg5
20. hxg5 Ke7 21. Ng3 Nc5 22. Qe3 Na4 23. Ndf5+ Kd7 24. Qxb6 axb6 25. Kb1
Nxc3+ 26. bxc3 Bxc3 27. Re3 exf5 28. Rxd5+ Kc6 29. Rxf5 Bd4 30. Rd3 Bf2 31.
Ne4 Bc5 32. Rxf7 Rhf8 33. Rxg7 Rxf4 34. Nf6 Bd4 35. Rf7 Bxf6 36. gxf6 Re8
37. Rc3+ Kb5 38. Rb3+ Kc6 39. Rc3+ Kb5 40. Rxb7 Rxf6 41. Rd7 Re1+ 42. Kb2
Rf1 43. Rdd3 Kb4 44. a3+ Kb5 45. Rd5+ Ka6 46. Rdd3 Kb5 47. Kc2 Rf2+ 48. Kd1
Rh6 49. Rd2 Rh1+ 50. Kc2 Rxd2+ 51. Kxd2 Rh8 52. f4 Rf8 53. Ke3 Ka4 54. Ke4
b5 55. f5 b4 56. axb4 Kxb4 57. Rf3 Kc5 58. Ke5 Kc6 59. Ke6 Rd8 60. f6 Rd6+
61. Ke7 Kc7 62. f7 Rd7+ 63. Kf6 Rd8 64. Kg7 Rd7 65. Kg8 Rd8+ 66. f8=Q Rxf8+
67. Rxf8 Kd6 68. Kf7 Kd5 69. Re8 Kd4 70. Kf6 Kd5 71. Re1 Kd4 72. Kf5 Kd3
73. Kf4 Kd2 74. Re7 Kd3 75. Re8 Kd4 76. Rd8+ Kc5 77. Ke4 Kc6 78. Ke5 Kc7
79. Rd2 Kc6 80. Rd1 Kc7 81. Ke6 Kc8 82. Ke7 Kc7 83. Rc1+ Kb6 84. Kd6 Kb5
85. Rc8 Kb4 86. Kd5 Kb3 87. Kd4 Kb2 88. Kd3 Kb1 89. Kd2 Kb2 90. Rb8+ Ka3
91. Kc3 Ka4 92. Rb1 Ka5 93. Kc4 Ka6 94. Kc5 Ka7 95. Kc6 Ka8 96. Kc7 Ka7 97.
Ra1# { Black checkmated } 1-0

[Event "ICC tourney 2533 (25 5)"]
[Site "Internet Chess Club"]
[Date "2021.04.25"]
[Round "8"]
[White "HUSTON, GUS:K09-14921551"]
[Black "LANDE SHUMAN, NATHANIEL:K09-14782020"]
[Result "1/2-1/2"]
[ICCResult "Game drawn because neither player has mating material"]
[WhiteElo "2243"]
[BlackElo "2133"]
[Opening "Scandinavian: Pytel-Wade variation"]
[ECO "B01"]
[NIC "SD.02"]
[Time "17:01:01"]
[PlyCount "146"]
[TimeControl "1500+5"]

1. e4 d5 2. exd5 Qxd5 3. Nc3 Qd6 4. Nf3 Nf6 5. d4 Bg4 6. Be2 c6 7. O-O Nbd7
8. Re1 e6 9. Bg5 Qc7 10. Bh4 Bd6 11. Bg3 Bxg3 12. hxg3 O-O 13. Ng5 Bxe2 14.
Qxe2 Rad8 15. Rad1 Nb6 16. Nce4 Nbd5 17. c4 Nxe4 18. Nxe4 Ne7 19. g4 Qb6
20. Nc5 Ng6 21. b3 Rd6 22. Qe3 Rfd8 23. f4 Nf8 24. g3 Qc7 25. Rd2 f5 26.
gxf5 exf5 27. Qe7 Qxe7 28. Rxe7 b6 29. Nb7 Rxd4 30. Nxd8 Rxd2 31. Nxc6 Rxa2
32. Rxa7 Rxa7 33. Nxa7 Nd7 34. b4 g5 35. fxg5 Kg7 36. Nc8 Kg6 37. Ne7+ Kxg5
38. Nd5 h5 39. Kf2 h4 40. gxh4+ Kxh4 41. Kf3 Ne5+ 42. Kf4 Nxc4 43. Kxf5 Kg3
44. Ke4 Kf2 45. Kd4 Nd6 46. Nxb6 Ke2 47. Nc4 Nb5+ 48. Kc5 Nc3 49. Ne5 Kd2
50. Kc4 Kc2 51. Nd3 Ne4 52. Nf4 Nc3 53. Nd5 Ne4 54. Kd4 Nd6 55. Kc5 Ne4+
56. Kc6 Kb3 57. b5 Nd2 58. Ne3 Kb4 59. b6 Nb3 60. Nc2+ Kc4 61. Na3+ Kb4 62.
Nc2+ Kc4 63. Kc7 Na5 64. Ne1 Kb5 65. Nd3 Kc4 66. Ne5+ Kb5 67. Nd7 Kc4 68.
Nf8 Kb5 69. Ne6 Kc4 70. Kb8 Kd5 71. Nd8 Nc4 72. b7 Na5 73. Kc8 Nxb7 { Game
drawn because neither player has mating material } 1/2-1/2

[Event "ICC tourney 2533 (25 5)"]
[Site "Internet Chess Club"]
[Date "2021.04.25"]
[Round "8"]
[White "SETHURAMAN, SANDEEP:K09-15472832"]
[Black "NAVEEN, AARUSH:K09-16031675"]
[Result "1/2-1/2"]
[ICCResult "Game drawn by mutual agreement"]
[WhiteElo "2194"]
[BlackElo "1686"]
[Opening "Neo-Grünfeld, 6.cd Nxd5, 7.O-O c5, 8.Nc3"]
[ECO "D74"]
[NIC "KI.80"]
[Time "17:01:51"]
[PlyCount "132"]
[TimeControl "1500+5"]

1. d4 Nf6 2. c4 g6 3. Nf3 Bg7 4. g3 O-O 5. Bg2 d5 6. cxd5 Nxd5 7. Nc3 c5 8.
O-O cxd4 9. Nxd4 Nxc3 10. bxc3 Nc6 11. Nxc6 bxc6 12. Qxd8 Rxd8 13. Bxc6
Bxc3 14. Rb1 Bf5 15. Rb3 Rac8 16. Rxc3 Rd6 17. Ba3 Rdxc6 18. Rxc6 Rxc6 19.
Bxe7 Rc2 20. Bf6 Rxe2 21. Rd1 Kf8 22. Kf1 Re6 23. Rd8+ Re8 24. Rxe8+ Kxe8
25. Ke2 Kd7 26. Bd4 a6 27. Ke3 Kd6 28. Kf4 Kd5 29. Bg7 Kc4 30. Kg5 Kd3 31.
Kh6 Ke2 32. Bd4 Kf3 33. a3 Kg2 34. h4 Kf3 35. Kxh7 Ke4 36. Be3 Kd5 37. Kg7
Ke6 38. Kh6 Kf6 39. Bd4+ Ke6 40. Kg5 Be4 41. g4 Bf3 42. h5 gxh5 43. gxh5
Be4 44. Kh6 Kd5 45. Bb2 Bf3 46. Kg5 Ke6 47. Bc3 Be4 48. Kf4 Bc2 49. f3 f6
50. Kg4 Bf5+ 51. Kh4 Kf7 52. f4 Bd3 53. Kg4 Be2+ 54. Kh4 Bd3 55. Kg4 Be2+
56. Kh4 Bd3 57. h6 Kg6 58. h7 Kxh7 59. Bxf6 Kg6 60. Be7 Kf5 61. Bd6 Be4 62.
Kh5 Bd3 63. Kh6 Bc4 64. Kg7 Bb5 65. Kf8 Bc4 66. Ke7 Bf1 { Game drawn by
mutual agreement } 1/2-1/2

[Event "ICC tourney 2533 (25 5)"]
[Site "Internet Chess Club"]
[Date "2021.04.25"]
[Round "8"]
[White "COLOMBO, DOMINIC:K09-14933967"]
[Black "S DINGLASAN, MATTHEW:K09-15748615"]
[Result "1-0"]
[ICCResult "Black checkmated"]
[WhiteElo "1960"]
[BlackElo "1569"]
[Opening "French: Two knights variation"]
[ECO "C00"]
[NIC "FR.01"]
[Time "17:03:00"]
[PlyCount "121"]
[TimeControl "1500+5"]

1. e4 e6 2. Nc3 d5 3. Nf3 Nf6 4. e5 Nfd7 5. d4 c5 6. dxc5 Bxc5 7. Bd3 h6 8.
h4 Nc6 9. Bf4 Nb6 10. Qe2 Bd7 11. h5 Qe7 12. Kf1 O-O-O 13. Rh3 Nd4 14. Nxd4
Bxd4 15. Bb5 Bc6 16. Rd1 Bxc3 17. Rxc3 d4 18. Rh3 Kc7 19. Bxc6 bxc6 20. Ra3
Kb8 21. Qe4 Qd7 22. Be3 Qd5 23. Qxd5 Rxd5 24. Bf4 Nc4 25. Rb3+ Kc7 26. Rdd3
c5 27. Rg3 Rh7 28. Rbf3 Kd7 29. b3 Nb6 30. Ke2 Ke7 31. Kd3 Rd7 32. Rg4 f6
33. exf6+ gxf6 34. Rg6 Rd5 35. Bxh6 Rxh5 36. Rfxf6 Re5 37. Bf4 Re1 38. Bd2
Re5 39. f4 Rf5 40. Rxe6+ Kd7 41. Re5 Rxe5 42. fxe5 Re7 43. Bf4 Nd5 44. Rd6+
Kc7 45. Rxd5 Rf7 46. Ke4 Kb6 47. e6 Re7 48. Ke5 Kc6 49. Rd6+ Kb5 50. Rd7
Re8 51. e7 Kc6 52. Ke6 Rg8 53. Rd6+ Kb7 54. Kf7 Rc8 55. Rd8 Rxd8 56. exd8=Q
a5 57. Qc7+ Ka6 58. Qc6+ Ka7 59. Bc7 c4 60. Qb6+ Ka8 61. Qb8# { Black
checkmated } 1-0

[Event "ICC tourney 2533 (25 5)"]
[Site "Internet Chess Club"]
[Date "2021.04.25"]
[Round "8"]
[White "MAHAJAN, RUSHAAN:K09-15449416"]
[Black "RAJIV MUNDAYAT, ABINAV:K09-15264747"]
[Result "1/2-1/2"]
[ICCResult "Game drawn by repetition"]
[WhiteElo "2209"]
[BlackElo "2090"]
[Opening "Catalan: closed, 5.Nf3"]
[ECO "E06"]
[NIC "CA.04"]
[Time "17:03:00"]
[PlyCount "103"]
[TimeControl "1500+5"]

1. Nf3 d5 2. g3 Nf6 3. Bg2 e6 4. c4 Be7 5. d4 O-O 6. Nc3 dxc4 7. Ne5 Nc6 8.
Bxc6 bxc6 9. Nxc6 Qe8 10. Nxe7+ Qxe7 11. Qa4 Qd6 12. Qxc4 Ba6 13. Qc5 Qxc5
14. dxc5 Nd5 15. Nxd5 exd5 16. Bf4 Rfe8 17. e3 Re7 18. O-O-O c6 19. Rd4 Rb7
20. e4 dxe4 21. Rxe4 Bd3 22. Re3 Bc4 23. b3 Be6 24. Rd1 a5 25. Rd6 Bd5 26.
Rc3 f6 27. h4 Kf7 28. Kb2 a4 29. Rxd5 cxd5 30. c6 Rb5 31. c7 Rc8 32. Ka3
axb3 33. axb3 d4 34. Rc4 g5 35. hxg5 fxg5 36. Bd2 Rd5 37. Kb2 h5 38. Kc2
d3+ 39. Kd1 Ke6 40. f4 g4 41. f5+ Kxf5 42. Bf4 d2 43. b4 Ke6 44. Rc6+ Kd7
45. Rh6 Re8 46. Rh7+ Kc8 47. Bxd2 Re6 48. b5 Red6 49. Ke1 Re6+ 50. Kd1 Red6
51. Ke1 Re6+ 52. Kd1 { Game drawn by repetition } 1/2-1/2

[Event "ICC tourney 2533 (25 5)"]
[Site "Internet Chess Club"]
[Date "2021.04.25"]
[Round "8"]
[White "BERGMAN CHUDNOW, BRYAN:K09-15424930"]
[Black "SANKARANAARAYAN, HRUSHIKESH:K09-16322758"]
[Result "1-0"]
[ICCResult "Black resigns"]
[WhiteElo "1759"]
[BlackElo "849"]
[Opening "Queen's pawn game"]
[ECO "D02"]
[NIC "QP.08"]
[Time "17:00:42"]
[PlyCount "321"]
[TimeControl "1500+5"]

1. d4 d5 2. Nf3 e6 3. Bf4 c5 4. e3 Nc6 5. Bb5 Ne7 6. O-O a6 7. Bd3 c4 8.
Be2 Ng6 9. Bg3 b5 10. b3 Bd6 11. a4 Rb8 12. axb5 axb5 13. Bxd6 Qxd6 14. Nc3
O-O 15. bxc4 bxc4 16. Qd2 h6 17. Ra2 f6 18. Rfa1 Rf7 19. e4 Rfb7 20. g3
Nge7 21. Kg2 Bd7 22. Ra6 Qc7 23. R6a3 Be8 24. exd5 exd5 25. Na4 Qc8 26. Nc5
Rb2 27. R3a2 Bg6 28. Rxb2 Rxb2 29. Bd1 Nf5 30. Na4 Rb8 31. Qf4 Qa6 32. c3
Nfe7 33. Qc1 Ra8 34. Ne1 Be4+ 35. Kg1 Nb8 36. Nc2 Qc8 37. Nb4 Nd7 38. f3
Bg6 39. Qe3 Kf8 40. Qf4 Ra7 41. Ra2 Qc7 42. Qxc7 Rxc7 43. Kf2 Ra7 44. Re2
Nb8 45. Nc5 Nbc6 46. Nxc6 Nxc6 47. Ba4 Nd8 48. Nd7+ Kg8 49. Nb6 Bf7 50. h4
Be6 51. Rb2 Kf7 52. g4 g5 53. hxg5 hxg5 54. Ke1 Ke7 55. Kd2 Nf7 56. Bc2 Nd6
57. Rb4 Ra1 58. Ra4 Rxa4 59. Nxa4 f5 60. Nc5 Bc8 61. gxf5 Kf6 62. Ba4 Nxf5
63. Ke2 Ke7 64. Bc2 Ng7 65. Kf2 Nh5 66. Ke3 Nf4 67. Kf2 Bh3 68. Kg3 Kf7 69.
Ba4 Bf5 70. Kf2 Ke7 71. Ke3 Ng2+ 72. Kf2 Nf4 73. Ke3 Kd6 74. Nb7+ Kc7 75.
Nc5 Bh3 76. Bc2 Kd8 77. Bh7 Ke8 78. Bb1 Ke7 79. Bc2 Be6 80. Nxe6 Kxe6 81.
Bb1 Ng2+ 82. Ke2 Nf4+ 83. Ke3 Kf6 84. Bc2 Ne6 85. Bb1 Nc7 86. Bc2 Ne6 87.
Bb1 Nc7 88. Bc2 Ke7 89. Bb1 Nb5 90. Kd2 Ke6 91. Bc2 Nd6 92. Ke3 Nb5 93. Kd2
Nc7 94. Ke3 Ne8 95. Bb1 Kf7 96. Bf5 Kf6 97. Bg4 Ke7 98. Ke2 Nf6 99. Bh3 Ne8
100. Ke3 Nf6 101. Bf5 Ne8 102. Bh3 Nd6 103. Bg4 Nb5 104. Kd2 Nc7 105. Bf5
Nb5 106. Bc2 Nc7 107. Bf5 Ne6 108. Bc2 Kf6 109. Ke3 Ng7 110. Ke2 Ke7 111.
Ke3 Ne6 112. Bb1 Kf6 113. Bc2 Ng7 114. Ke2 Nh5 115. Ke3 Ng3 116. Ba4 Ke6
117. Bc2 Nh5 118. Bb1 Nf4 119. Bc2 Ke7 120. Bb1 Ne6 121. Bc2 Ng7 122. Kd2
Kf7 123. Ke3 Ne6 124. Bb1 Kf8 125. Bg6 Ng7 126. Kf2 Ke7 127. Bc2 Ne6 128.
Ke2 Nf4+ 129. Ke3 Ne6 130. Bb1 Kd6 131. Bc2 Kc6 132. Bb1 Kb5 133. Bc2 Ka5
134. Bd1 Kb6 135. Bc2 Kc6 136. Bd1 Kd6 137. Bc2 Ke7 138. Bd1 Kf6 139. Bc2
Kg7 140. Bd1 Kh6 141. Bc2 Kh5 142. Bd1 Kh4 143. Be2 Kg3 144. Bd1 Nf4 145.
Ba4 g4 146. Bd1 gxf3 147. Bxf3 Ne6 148. Bxd5 Kg4 149. Bxe6+ Kg5 150. Bxc4
Kg6 151. Ke4 Kf6 152. Kd5 Ke7 153. Kc6 Kd8 154. d5 Kc8 155. Kd6 Kd8 156.
Bd3 Kc8 157. Ke7 Kc7 158. d6+ Kc8 159. d7+ Kc7 160. d8=Q+ Kb7 161. Be4+ {
Black resigns } 1-0

[Event "ICC tourney 2533 (25 5)"]
[Site "Internet Chess Club"]
[Date "2021.04.25"]
[Round "8"]
[White "KATSMAN, DAVID:K09-14958088"]
[Black "SCHOENBAUER, JAKE:K09-16875594"]
[Result "0-1"]
[ICCResult "White resigns"]
[WhiteElo "1900"]
[BlackElo "1299"]
[Opening "Ruy Lopez: exchange variation, 5.O-O"]
[ECO "C68"]
[NIC "RL.08"]
[Time "17:02:40"]
[PlyCount "130"]
[TimeControl "1500+5"]

1. e4 e5 2. Nf3 Nc6 3. Bb5 a6 4. Bxc6 dxc6 5. O-O Bd6 6. d4 exd4 7. Qxd4 f6
8. Qc4 Qe7 9. Nc3 Be6 10. Qe2 O-O-O 11. Be3 Qf7 12. b3 Ne7 13. Nd4 Bd7 14.
f4 Kb8 15. Rad1 h5 16. e5 Bg4 17. Nf3 fxe5 18. fxe5 Bb4 19. Ne4 Nd5 20. Bg5
Be7 21. h3 Bxf3 22. Rxf3 Qe6 23. c4 Qxe5 24. Bxe7 Nxe7 25. Rfd3 Rxd3 26.
Qxd3 Re8 27. Nd2 Qc5+ 28. Kh2 Qd6+ 29. Qxd6 cxd6 30. Ne4 Kc7 31. Nxd6 Rd8
32. c5 Nf5 33. Rf1 Nxd6 34. cxd6+ Kxd6 35. Rf7 Rd7 36. Rf5 h4 37. Rh5 c5
38. Rxh4 b5 39. Rh8 Kd5 40. h4 Kd4 41. Rc8 c4 42. bxc4 bxc4 43. g4 c3 44.
h5 Rd5 45. Rc7 Rg5 46. Kg3 Rc5 47. Rd7+ Ke5 48. Rd1 c2 49. Rc1 Ke4 50. Kh4
Kd3 51. g5 Rc4+ 52. Kg3 Kd2 53. Rxc2+ Rxc2 54. h6 gxh6 55. gxh6 Rc7 56. Kf4
Rh7 57. Kg5 Kc2 58. Kg6 Rxh6+ 59. Kxh6 Kb2 60. Kg5 Kxa2 61. Kf4 Kb2 62. Ke4
a5 63. Kd4 a4 64. Kc4 a3 65. Kb4 a2 { White resigns } 0-1

[Event "ICC tourney 2533 (25 5)"]
[Site "Internet Chess Club"]
[Date "2021.04.25"]
[Round "8"]
[White "WILLIAM STONE, VINCENT:K09-15537233"]
[Black "MALLADI, SADKRITH:K09-15797710"]
[Result "1/2-1/2"]
[ICCResult "Game drawn because neither player has mating material"]
[WhiteElo "2075"]
[BlackElo "1897"]
[Opening "Sicilian: accelerated fianchetto, modern variation with Bc4"]
[ECO "B35"]
[NIC "SI.33"]
[Time "17:02:00"]
[PlyCount "143"]
[TimeControl "1500+5"]

1. e4 c5 2. Nf3 Nc6 3. d4 cxd4 4. Nxd4 g6 5. Nc3 Bg7 6. Be3 Nf6 7. Bc4 O-O
8. Bb3 Re8 9. Nxc6 dxc6 10. Qxd8 Rxd8 11. f3 Ne8 12. a4 Nd6 13. Kf2 Be6 14.
Rad1 Nc4 15. Bxc4 Bxc4 16. Rxd8+ Rxd8 17. Rd1 Rxd1 18. Nxd1 b6 19. b3 Ba6
20. a5 bxa5 21. Bxa7 Bb5 22. c4 Ba6 23. Bb6 a4 24. bxa4 Bxc4 25. a5 Kf8 26.
Ne3 Ba6 27. Nc2 Bc3 28. Nd4 c5 29. Bxc5 Bxa5 30. Bxe7+ Ke8 31. Bc5 Bc7 32.
g3 h5 33. h4 Bc4 34. f4 Ba5 35. Nf3 Bd3 36. Ke3 Bb1 37. Bd4 Bb4 38. Ng5 Be1
39. Kf3 Bc2 40. Bf2 Bxf2 41. Kxf2 f6 42. Nh7 Kf7 43. e5 fxe5 44. Ke3 Ke6
45. Ng5+ Kf5 46. fxe5 Kxe5 47. Nf3+ Kf5 48. Nd4+ Kg4 49. Kf2 Be4 50. Nb5
Bb7 51. Nd6 Bd5 52. Ne8 Kf5 53. Nd6+ Ke5 54. Nb5 Ba8 55. Nc3 Kf5 56. Nd1 g5
57. Ne3+ Kf6 58. Nc4 Bd5 59. Ne3 Be4 60. Nf1 Bb7 61. Ke3 gxh4 62. gxh4 Kf5
63. Nh2 Bd5 64. Kf2 Kf4 65. Nf1 Be6 66. Ne3 Bf7 67. Ng2+ Kg4 68. Kg1 Kg3
69. Ne3 Bg6 70. Nd5 Kxh4 71. Nf6 Kg5 72. Nxh5 { Game drawn because neither
player has mating material } 1/2-1/2

[Event "ICC tourney 2533 (25 5)"]
[Site "Internet Chess Club"]
[Date "2021.04.25"]
[Round "8"]
[White "SREEJAN BAYYARAPU, MOHIT:K09-15582120"]
[Black "WILLIAM MARVIN, MATTHEW:K09-16370802"]
[Result "1-0"]
[ICCResult "Black forfeits on time"]
[WhiteElo "1742"]
[BlackElo "1335"]
[Opening "Petrov: classical attack, Marshall variation"]
[ECO "C42"]
[NIC "RG.04"]
[Time "17:00:10"]
[PlyCount "185"]
[TimeControl "1500+5"]

1. e4 e5 2. Nf3 Nf6 3. Nxe5 d6 4. Nf3 Nxe4 5. d4 d5 6. Bd3 Bd6 7. O-O O-O
8. Re1 Bf5 9. c4 c6 10. cxd5 cxd5 11. Nc3 Nxc3 12. bxc3 Bxd3 13. Qxd3 Nd7
14. Bg5 Qc7 15. Rab1 Rfe8 16. h3 Rac8 17. Rxe8+ Rxe8 18. Qb5 b6 19. Qxd5 h6
20. Be3 Nf6 21. Qb3 Ne4 22. Rc1 Rc8 23. c4 a6 24. Qd3 Nf6 25. Qf5 Nd7 26.
Kh1 Nb8 27. Qg4 Kh8 28. Ne5 Re8 29. Nd3 Nc6 30. c5 bxc5 31. Nxc5 Qa7 32.
Ne4 Qb8 33. Rxc6 Qb1+ 34. Rc1 Qxe4 35. Qxe4 Rxe4 36. Rc6 Be7 37. Rxa6 Bf6
38. Rd6 Kg8 39. a4 Re7 40. Rd8+ Kh7 41. Ra8 Rd7 42. a5 Bxd4 43. Bxd4 Rxd4
44. a6 Ra4 45. a7 Kg6 46. Kh2 Kf5 47. Kg3 g5 48. Rh8 Rxa7 49. Rxh6 f6 50.
Rh8 Ra4 51. Rb8 Re4 52. Rb5+ Kg6 53. f3 Re2 54. Rb4 f5 55. Rb6+ Kh5 56. Rb8
f4+ 57. Kh2 Rf2 58. Rh8+ Kg6 59. Rg8+ Kf5 60. h4 gxh4 61. Rg4 Ra2 62. Rxh4
Kg5 63. Rg4+ Kf5 64. Rh4 Kg5 65. Rh8 Kf5 66. Rf8+ Kg5 67. Kh3 Ra3 68. Rb8
Ra1 69. Rb5+ Kg6 70. Kg4 Ra4 71. Rb6+ Kg7 72. Kf5 Rc4 73. Rg6+ Kf7 74. Rg4
Rc2 75. Kxf4 Kf6 76. Kg3 Ra2 77. Rb4 Kf5 78. Kh3 Ra1 79. g4+ Kg5 80. f4+
Kg6 81. Rb6+ Kg7 82. Kh4 Ra5 83. f5 Kf7 84. Kg5 Ke7 85. Rb7+ Kd6 86. Kg6
Ra6 87. f6 Ke5 88. g5 Kf4 89. Rb4+ Kg3 90. Kg7 Rc6 91. g6 Kf3 92. f7 Rc7
93. Kg8 { Black forfeits on time } 1-0

[Event "ICC tourney 2533 (25 5)"]
[Site "Internet Chess Club"]
[Date "2021.04.25"]
[Round "8"]
[White "GIORGIO TESSIORE, LUCA:K09-17347744"]
[Black "NGO, BACH:K09-15576043"]
[Result "1/2-1/2"]
[ICCResult "Game drawn because neither player has mating material"]
[WhiteElo "1914"]
[BlackElo "2222"]
[Opening "Bogo-Indian defense, Nimzovich variation"]
[ECO "E11"]
[NIC "QI.01"]
[Time "17:02:02"]
[PlyCount "234"]
[TimeControl "1500+5"]

1. d4 Nf6 2. c4 e6 3. Nf3 Bb4+ 4. Bd2 Qe7 5. Nc3 Bxc3 6. Bxc3 Ne4 7. Qc2
Nxc3 8. Qxc3 O-O 9. e3 b6 10. Be2 Bb7 11. O-O d6 12. Qc2 Nd7 13. e4 e5 14.
d5 a5 15. b3 Bc8 16. a3 f5 17. b4 f4 18. Rac1 g5 19. Nd2 Qg7 20. f3 h5 21.
h3 axb4 22. axb4 Nf6 23. c5 bxc5 24. bxc5 g4 25. hxg4 hxg4 26. fxg4 Bxg4
27. Bf3 Ra7 28. Ra1 Rxa1 29. Rxa1 Qg6 30. Kf2 Bxf3 31. gxf3 Qg3+ 32. Ke2
Qg2+ 33. Kd3 Qf2 34. Qc4 Nd7 35. c6 Nb6 36. Qc3 Rf7 37. Rf1 Qg2 38. Qc1 Rg7
39. Qe1 Rg3 40. Qf2 Qh3 41. Rg1 Kf7 42. Ke2 Kf8 43. Nf1 Rxg1 44. Qxg1 Qc8
45. Qg6 Qe8 46. Qxe8+ Kxe8 47. Kd3 Kd8 48. Nh2 Kc8 49. Ng4 Kb8 50. Nf6 Nc8
51. Ke2 Ka7 52. Kf2 Nb6 53. Kg2 Nc4 54. Kh3 Nd2 55. Kg4 Nb3 56. Nd7 Nd4 57.
Nf8 Kb8 58. Ne6 Nc2 59. Ng5 Kc8 60. Kf5 Nd4+ 61. Kf6 Kd8 62. Kf7 Ne2 63.
Ne6+ Kc8 64. Ke7 Nd4 65. Ng5 Nc2 66. Ke8 Nd4 67. Kf7 Ne2 68. Kg6 Kb8 69.
Kh5 Nd4 70. Kg4 Kc8 71. Kh3 Kd8 72. Kg4 Kc8 73. Nf7 Nc2 74. Nh8 Ne3+ 75.
Kh3 Kd8 76. Ng6 Nc2 77. Nh4 Ne1 78. Kg4 Ke7 79. Kf5 Kd8 80. Ke6 Nc2 81. Kf5
Nd4+ 82. Kg4 Kc8 83. Nf5 Ne2 84. Nh4 Kb8 85. Kg5 Nd4 86. Kf6 Kc8 87. Ke7
Ne2 88. Kf8 Kd8 89. Kf7 Nd4 90. Kf6 Kc8 91. Kg5 Kb8 92. Kg4 Nc2 93. Nf5 Ka7
94. Kh3 Kb6 95. Kg2 Kc5 96. Kf2 Nb4 97. Ke2 Nxd5 98. exd5 Kxd5 99. Ne7+ Kc5
100. Kd3 d5 101. Kc3 Kd6 102. Ng6 Ke6 103. Nf8+ Ke7 104. Ng6+ Kf6 105. Nh4
Kg5 106. Ng2 Kf5 107. Nh4+ Kg5 108. Ng2 e4 109. fxe4 f3 110. Ne3 dxe4 111.
Kd4 Kf4 112. Nd5+ Kf5 113. Nxc7 f2 114. Nd5 Ke6 115. Ne3 Kd6 116. Kxe4 f1=Q
117. Nxf1 Kxc6 { Game drawn because neither player has mating material }
1/2-1/2